Map: Catalyseur EC

Players

Dino

  • Race: Zerg Zerg
  • League: Diamond
  • Spawn Location: 5:00

HoldTheDoor - Winner!

  • Race: Protoss Protoss
  • League: Diamond
  • Spawn Location: 11:00

VOD

Have the link to the VOD?

Description

Time

  • Played on: July 14, 2018, 6:33 a.m.
  • Length: 7:59
Show
View Real Time Build Order
Export as new Build Order

Dino Zerg 

Build Orders: Hatch First 

Get SALT Encoding   

  12  0:01  Drone  
  13  0:13  Overlord  
  13  0:17  Drone  
  14  0:31  Drone x2  
  14  0:35  Drone  
  17  0:55  Hatchery  
  17  0:56  Drone  
  17  0:59  Drone  
  18  1:13  Extractor  
  18  1:16  Spawning Pool  
  18  1:17  Drone  
  17  1:21  Drone  
  18  1:29  Drone  
  19  1:39  Overlord  
  19  1:55  Drone  
  20  2:02  Zergling x2  
  20  2:08  Drone  
  22  2:10  Queen x2  
  22  2:12  Drone  
  27  2:21  Drone  
  28  2:30  Hatchery  
  28  2:35  Drone x2  
  29  2:40  Overlord  
  29  2:53  Drone x3  
  32  3:05  Zergling x6  
  35  3:09  Queen  
  37  3:14  Drone  
  37  3:16  Overlord  
  38  3:30  Drone  
  38  3:31  Drone x5  
  44  3:37  Overlord  
  44  3:50  Drone x3  
  47  3:59  Queen  
  47  4:02  Lair  
  49  4:03  Drone x6  
  49  4:04  Drone x2  
  49  4:07  Overlord  
  57  4:20  Spore Crawler  
  57  4:23  Spore Crawler  
  55  4:24  Spore Crawler  
  55  4:26  Drone  
  55  4:30  Queen  
  57  4:42  Drone x4  
  57  4:43  Drone x3  
  57  4:44  Overlord, Drone  
  57  4:45  Overlord  
  65  4:51  Roach Warren  
  65  4:52  Evolution Chamber  
  63  4:56  Evolution Chamber, Drone x2  
  63  4:57  Drone x4  
  63  4:58  Extractor x2  
  66  5:11  Drone  
  66  5:12  Drone x3  
  66  5:13  Drone x2  
  72  5:15  Overlord  
  72  5:36  Roach x3  
  72  5:37  Roach x3  
  72  5:41  Roach x5  
  89  5:52  Drone x2  
  89  5:55  Extractor  
  89  5:56  Drone x3  
  93  5:58  Glial Reconstitution  
  93  6:00  Metabolic Boost  
  93  6:08  Roach  
  93  6:09  Roach  
  97  6:15  Overseer  
  97  6:32  Hydralisk Den  
  96  6:34  Drone  
  97  6:41  Extractor  
  96  7:06  Roach x2  
  91  7:29  Roach  
  78  7:30  Roach x7  
Show
View Real Time Build Order
Export as new Build Order

HoldTheDoor Protoss - Winner!

Build Orders: 1 Gate Expand 

Get SALT Encoding   

  12  0:00  Probe  
  13  0:12  Probe  
  14  0:21  Pylon  
  14  0:25  Probe  
  15  0:38  Probe  
  15  0:41  Gateway  
  16  0:46  Probe  
  16  0:47  Assimilator  
  16  0:54  Probe  
  18  1:05  Probe  
  19  1:26  Nexus  
  19  1:35  Cybernetics Core  
  19  1:39  Probe  
  20  1:45  Assimilator  
  20  1:51  Probe  
  21  1:56  Pylon  
  21  2:03  Probe  
  22  2:14  Warp Gate, Adept  
  24  2:16  Probe  
  25  2:29  Probe  
  26  2:30  Gateway  
  26  2:37  Twilight Council  
  26  2:39  Probe  
  27  2:47  Sentry  
  29  2:56  Probe x2  
  30  3:03  Pylon  
  30  3:08  Probe  
  30  3:10  Robotics Facility  
  31  3:18  Adept  
  33  3:21  Adept  
  33  3:24  Probe  
  33  3:27  Probe  
  37  3:33  Resonating Glaives  
  37  3:36  Probe  
  38  3:44  Probe, Pylon  
  38  3:48  Probe  
  40  3:53  Gateway  
  40  4:00  Pylon  
  40  4:04  Warp Prism  
  42  4:11  Probe  
  42  4:12  Probe  
  44  4:18  Sentry x2  
  44  4:24  Gateway  
  48  4:27  Probe, Gateway  
  48  4:29  Probe  
  50  4:41  Immortal  
  50  4:43  Adept  
  56  4:46  Adept  
  56  4:50  Probe x2  
  60  4:57  Pylon  
  60  5:01  Pylon  
  60  5:10  Gateway  
  60  5:12  Gateway  
  60  5:53  Immortal  
  60  5:54  Adept x2  
  60  5:55  Adept x2  
  72  6:02  Pylon  
  72  6:03  Gateway  
  72  6:06  Pylon  
  72  6:08  Pylon  
  72  6:10  Pylon  
  72  6:16  Probe x2  
  74  6:22  Pylon  
  74  6:28  Gateway  
  74  6:34  Adept x3  
  74  6:35  Adept x4  
  88  6:43  Pylon  
  88  6:44  Pylon  
  88  6:46  Pylon  
  88  6:55  Adept x3  
  88  6:56  Adept x3  
  94  7:17  Adept x5  
  94  7:18  Adept x2  
  104  7:45  Adept x3  
  104  7:46  Adept x4  
Tags
 
Add a new tag
Caveats
  • Supply blocks, unpowered buildings, or Contaminate may cause inaccurate times.
  • Supply counts are checked every 10 seconds.